Map: Lerilak Crest

Players

TokiSada - Winner!

  • Race: Protoss Protoss
  • League: Diamond

ILLBdA

  • Race: Protoss Protoss
  • League: Diamond

VOD

Have the link to the VOD?

Description

Time

  • Played on: Dec. 19, 2015, 7:41 a.m.
  • Length: 8:02
Show
View Real Time Build Order
Export as new Build Order

TokiSada Protoss - Winner!

Build Orders: 1 Gate Expand, Oracle Opening 

Get SALT Encoding   

  12  0:01  Probe (Chrono Boost)  
  13  0:12  Probe (Chrono Boost)  
  14  0:19  Pylon  
  14  0:22  Probe (Chrono Boost)  
  15  0:37  Probe (Chrono Boost)  
  16  0:44  Gateway  
  16  0:46  Assimilator  
  16  0:48  Probe (Chrono Boost)  
  17  0:58  Probe (Chrono Boost)  
  18  1:09  Probe (Chrono Boost)  
  19  1:19  Probe (Chrono Boost)  
  19  1:24  Nexus  
  20  1:32  Cybernetics Core  
  20  1:37  Probe (Chrono Boost)  
  21  1:40  Assimilator  
  21  1:47  Pylon  
  21  1:51  Probe (Chrono Boost)  
  22  2:05  Probe (Chrono Boost)  
  23  2:09  Adept (Chrono Boost)  
  23  2:11  Warp Gate  
  25  2:16  Probe (Chrono Boost)  
  26  2:28  Probe (Chrono Boost)  
  27  2:34  Adept  
  29  2:38  Probe (Chrono Boost)  
  29  2:39  Probe (Chrono Boost)  
  29  2:42  Stargate  
  31  2:49  Probe (Chrono Boost)  
  34  2:58  Mothership Core (Chrono Boost)  
  34  2:59  Probe (Chrono Boost)  
  34  3:01  Adept  
  37  3:14  Probe (Chrono Boost)  
  38  3:23  Probe (Chrono Boost)  
  38  3:24  Probe (Chrono Boost)  
  40  3:33  Probe (Chrono Boost), Pylon  
  41  3:34  Pylon  
  41  3:36  Pylon  
  41  3:37  Probe (Chrono Boost)  
  41  3:40  Oracle (Chrono Boost)  
  45  3:44  Probe  
  46  3:50  Probe  
  46  3:52  Adept  
  49  3:58  Probe  
  50  4:03  Twilight Council, Probe  
  50  4:05  Gateway  
  51  4:11  Pylon  
  51  4:14  Pylon  
  51  4:16  Assimilator  
  51  4:18  Pylon  
  51  4:20  Assimilator  
  51  4:21  Pylon  
  51  4:28  Probe  
  51  4:29  Probe  
  53  4:38  Probe  
  53  4:40  Blink (Chrono Boost)  
  53  4:42  Probe  
  55  4:49  Probe  
  56  4:54  Probe, Gateway  
  56  4:59  Gateway, Probe  
  57  5:00  Gateway  
  57  5:06  Probe  
  59  5:10  Probe  
  60  5:18  Probe  
  60  5:19  Gateway, Pylon  
  60  5:20  Nexus  
  60  5:21  Probe  
  58  5:30  Probe  
  58  5:32  Probe  
  60  5:41  Pylon  
  60  5:44  Pylon  
  60  5:45  Stalker  
  60  5:46  Robotics Facility  
  58  5:57  Gateway  
  58  5:59  Gateway  
  58  6:02  Stalker x3  
  58  6:03  Stalker  
  66  6:06  Probe  
  66  6:10  Stalker  
  69  6:13  Probe  
  69  6:16  Pylon  
  70  6:18  Probe  
  71  6:37  Stalker, Warp Prism (Chrono Boost)  
  75  6:40  Stalker x3  
  75  6:41  Stalker  
  83  6:50  Stalker  
  83  6:52  Stalker  
  87  6:57  Forge  
  87  7:06  Stalker x2  
  91  7:18  Stalker x2  
  91  7:19  Stalker x4  
  103  7:43  Stalker x3  
  103  7:44  Stalker x5  
Show
View Real Time Build Order
Export as new Build Order

ILLBdA Protoss 

Build Orders: Nexus First, Blink Stalkers 

Get SALT Encoding   

  12  0:01  Probe (Chrono Boost)  
  13  0:11  Probe (Chrono Boost)  
  14  0:19  Pylon  
  14  0:22  Probe (Chrono Boost)  
  15  0:37  Probe (Chrono Boost)  
  16  0:48  Probe (Chrono Boost)  
  17  1:01  Probe (Chrono Boost)  
  17  1:03  Nexus  
  18  1:14  Gateway  
  18  1:19  Assimilator  
  18  1:21  Probe (Chrono Boost)  
  19  1:26  Assimilator  
  19  1:31  Probe (Chrono Boost)  
  20  1:40  Pylon  
  20  1:42  Probe (Chrono Boost)  
  21  1:53  Probe (Chrono Boost)  
  22  2:00  Cybernetics Core  
  24  2:01  Zealot  
  24  2:04  Probe (Chrono Boost)  
  25  2:14  Probe (Chrono Boost)  
  27  2:15  Probe (Chrono Boost)  
  27  2:25  Probe (Chrono Boost)  
  27  2:26  Probe (Chrono Boost)  
  29  2:35  Probe x2 (Chrono Boost)  
  29  2:37  Stalker (Chrono Boost)  
  33  2:38  Warp Gate  
  33  2:47  Probe (Chrono Boost)  
  33  2:48  Twilight Council  
  34  2:59  Mothership Core (Chrono Boost)  
  34  3:02  Probe (Chrono Boost)  
  34  3:04  Stalker  
  39  3:26  Probe (Chrono Boost)  
  40  3:27  Blink  
  40  3:34  Stalker  
  40  3:44  Pylon  
  40  3:45  Pylon  
  39  3:50  Probe (Chrono Boost)  
  33  4:04  Stalker  
  32  4:11  Gateway  
  32  4:17  Gateway  
  31  4:36  Probe (Chrono Boost)  
  34  4:43  Probe (Chrono Boost)  
  30  4:55  Probe (Chrono Boost)  
  31  5:06  Stalker x2  
  34  5:13  Stalker  
  36  5:17  Probe x2 (Chrono Boost)  
  38  5:28  Probe (Chrono Boost)  
  39  5:36  Pylon  
  39  5:45  Probe x2 (Chrono Boost)  
  41  5:54  Robotics Facility  
  41  5:55  Probe (Chrono Boost)  
  41  5:56  Probe (Chrono Boost)  
  43  6:02  Stalker x2  
  47  6:06  Probe (Chrono Boost)  
  47  6:07  Probe (Chrono Boost)  
  47  6:09  Stalker  
  51  6:16  Probe (Chrono Boost)  
  51  6:17  Probe (Chrono Boost)  
  53  6:27  Probe (Chrono Boost)  
  53  6:28  Probe (Chrono Boost)  
  55  6:37  Probe (Chrono Boost)  
  55  6:38  Probe (Chrono Boost)  
  57  6:42  Observer  
  57  6:44  Assimilator  
  57  6:46  Stalker x2  
  62  6:48  Probe (Chrono Boost), Assimilator  
  62  6:49  Probe (Chrono Boost)  
  62  6:52  Pylon  
  64  6:59  Probe x2 (Chrono Boost)  
  66  7:08  Warp Prism  
  66  7:09  Probe (Chrono Boost), Robotics Bay  
  66  7:10  Probe (Chrono Boost)  
  66  7:12  Adept  
  72  7:34  Stalker  
  72  7:36  Stalker x2  
  75  7:52  Pylon  
  75  7:55  Pylon  
Tags
 
Add a new tag
Caveats
  • Supply blocks, unpowered buildings, or Contaminate may cause inaccurate times.
  • Supply counts are checked every 10 seconds.